 Dungeon Crawl Stone Soup version 0.30-a0-719-gcc4359ea44 (webtiles) character file.

Game seed: 14560452574155578974

157330 ragingrage the Stormcaller (level 17, -14/106 HPs)
             Began as a Tengu Conjurer on Jan 26, 2023.
             Was the Champion of Vehumet.
             Demolished by Mlioglotl (24 damage)
             ... on level 2 of the Lair of Beasts.
             The game lasted 00:54:27 (35721 turns).

ragingrage the Stormcaller (Tengu Conjurer)        Turns: 35721, Time: 00:54:27

Health: -14/106    AC: 18    Str:  9    XL:     17   Next: 39%
Magic:  24/45      EV: 23    Int: 24    God:    Vehumet [******]
Gold:   1898       SH:  0    Dex: 18    Spells: 12/45 levels left

rFire   . . .      SeeInvis .    b - staff of air
rCold   . . .      Faith    .    (no shield)
rNeg    . . .      Spirit   .    f - +0 swamp dragon scales
rPois   +          Reflect  .    g - +1 hat "Kerum" {MP+9 Dex+4}
rElec   +          Harm     .    d - +1 cloak
rCorr   .          Rampage  .    K - +0 pair of gloves
Will    +....                    (boots unavailable)
Stlth   ++                       T - amulet of magic regeneration
HPRegen 0.37/turn                t - +4 ring of protection
MPRegen 0.69/turn                O - +5 ring of evasion

@: afraid, flying quickly and evasively, quick
A: beak, talons 3, nimble flight
}: 1/15 runes: decaying
a: Renounce Religion


You were on level 2 of the Lair of Beasts.
You worshipped Vehumet.
Vehumet was exalted by your worship.
You visited 6 branches of the dungeon, and saw 28 of its levels.

You collected 2901 gold pieces.
You spent 1003 gold pieces at shops.

Inventory:

Hand Weapons
 y - the +7 long sword of the Telling Dragonfly {flame, Str+3}
   (You took it off an orc on level 4 of the Dungeon)

   Str:       It affects your strength (+3).
Missiles
 r - 8 curare-tipped darts
 L - 2 throwing nets
Armour
 d - a +1 cloak (worn)
 f - +0 swamp dragon scales (worn)
 g - the +1 hat "Kerum" (worn) {MP+9 Dex+4}
   (You acquired it on level 1 of the Lair of Beasts)

   Dex:       It affects your dexterity (+4).
   MP:        It affects your magic capacity (+9).
 s - a +2 leather armour of cold resistance
 K - a +0 pair of gloves (worn)
 V - a +0 troll leather armour
Magical Staves
 b - a staff of air (weapon)
Jewellery
 j - a ring of resist corrosion
 l - a ring of see invisible
 t - a +4 ring of protection (left hand)
 A - a ring of fire
 G - a ring of protection from cold
 O - a +5 ring of evasion (right hand)
 T - an amulet of magic regeneration (around neck)
Wands
 o - a wand of mindburst (6)
 q - a wand of charming (9)
 w - a wand of flame (82)
 P - a wand of polymorph (9)
 U - a wand of iceblast (15)
 W - a wand of light (24)
Scrolls
 i - 4 scrolls of immolation
 n - 10 scrolls of fear
 p - 2 scrolls of silence
 u - 6 scrolls of enchant weapon
 B - 8 scrolls of magic mapping
 D - 7 scrolls of enchant armour
 E - 3 scrolls of vulnerability
 F - 4 scrolls of fog
 I - 4 scrolls of poison
 J - 8 scrolls of teleportation
 M - 8 scrolls of identify
 Q - 2 scrolls of blinking
Potions
 c - 14 potions of curing
 e - a potion of resistance
 h - 3 potions of haste
 k - 6 potions of brilliance
 m - 3 potions of lignification
 v - 5 potions of berserk rage
 x - 6 potions of heal wounds
 z - 4 potions of attraction
 C - 2 potions of mutation
 H - 2 potions of ambrosia
 N - 3 potions of magic
 R - 3 potions of might
 Y - a potion of cancellation
 Z - a potion of invisibility
Miscellaneous
 a - a tin of tremorstones (2/2)
 S - a phial of floods


   Skills:
 + Level 12.2 Fighting
 - Level 6.0 Staves
 + Level 7.8 Armour
 - Level 10.0 Dodging
 - Level 5.0 Stealth
 + Level 14.7 Spellcasting
 + Level 17.6 Conjurations
 - Level 4.0 Hexes
 + Level 17.6 Air Magic
 - Level 5.0 Evocations


You had 12 spell levels left.
You knew the following spells:

 Your Spells              Type           Power      Damage    Failure   Level
a - Magic Dart            Conj           100%       1d8       0%          1
b - Freezing Cloud        Conj/Ice/Air   42%        6-21      1%          5
d - Iskenderun's Mystic   Conj/Tloc      56%        2d12      1%          4
e - Arcjolt               Conj/Air       50%        1d60      1%          5
f - Stone Arrow           Conj/Erth      100%       3d13      1%          3
g - Airstrike             Air            50%        2d(8-24)  1%          4
h - Lightning Bolt        Conj/Air       50%        1d71      1%          5
i - Conjure Ball Lightni  Conj/Air       50%        3x3d17    1%          6

Your spell library contained the following spells:

 Spells                   Type           Power      Damage    Failure   Level
 Iron Shot                Conj/Erth      28%        9d6       9%          6
 Searing Ray              Conj           100%       2d8       0%          2
 Static Discharge         Conj/Air       100%       2-7/arc   0%          2
 Dazzling Flash           Conj/Hex       100%       N/A       1%          3
 Kindle Blastsparks       Fire/Tloc/Air  100%       2d18      1%          3
 Vhi's Electric Charge    Tloc/Air       100%       N/A       1%          3
 Fulminant Prism          Conj/Hex       31%        3d16      1%          4
 Orb of Destruction       Conj           40%        9d11      1%          7
 Ignite Poison            Fire/Tmut/Pois 17%        N/A       6%          3
 Apportation              Tloc           34%        N/A       8%          1
 Beastly Appendage        Tmut           34%        N/A       8%          1
 Necrotise                Necr           68%        1d7       8%          1
 Summon Small Mammal      Summ           68%        N/A       8%          1
 Summon Guardian Golem    Hex/Summ       27%        N/A       10%         3
 Sublimation of Blood     Necr           17%        N/A       12%         2
 Wereblood                Tmut           17%        N/A       12%         2
 Call Canine Familiar     Summ           17%        N/A       22%         3
 Spider Form              Tmut/Pois      17%        N/A       22%         3
 Leda's Liquefaction      Hex/Erth       13%        N/A       32%         4
 Spellforged Servitor     Conj/Summ      28%        N/A       38%         7
 Lee's Rapid Deconstruct  Erth           8%         3d7*      45%         5
 Summon Mana Viper        Hex/Summ       27%        N/A       67%         5
 Alistair's Intoxication  Tmut/Pois      11%        N/A       91%         5
 Borgnjor's Vile Clutch   Necr/Erth      8%         N/A       91%         5
 Summon Forest            Summ/Tloc      8%         N/A       91%         5
 Eringya's Noxious Bog    Tmut/Pois      8%         N/A       94%         6
 Statue Form              Tmut/Erth      11%        N/A       100%        6
 Summon Cactus Giant      Summ           8%         N/A       100%        6
 Summon Hydra             Summ           8%         N/A       100%        7


Dungeon Overview and Level Annotations

Branches:
Dungeon (15/15)            Temple (1/1) D:5            Lair (5/5) D:9
  Swamp (4/4) Lair:2        Snake (1/4) Lair:2        Slime (0/5) Lair:4
    Orc (2/2) D:12            Elf (0/3) Orc:2        Vaults (0/5) D:13
 Depths (0/4) D:15

Altars:
Ashenzari
Cheibriados
Dithmenos
Elyvilon
Fedhas
Gozag
Hepliaklqana
Kikubaaqudgha
Makhleb
Nemelex Xobeh
Okawaru
Qazlal
Ru
Sif Muna
Trog
Uskayaw
Vehumet
Wu Jian
Xom
Yredelemnul
Zin
The Shining One
Jiyva

Shops:
D:8 *   D:13 =?[   Orc:2 [?:=

Portals:
Trove: D:11 (give +3 gold dragon scales)

Annotations:
D:3 exclusion: downstairs
D:4 Grinder
D:14 dig
Lair:2 Mlioglotl
Lair:5 2 transporters, NinjaNoafa's ghost, journeyman DjCj
Swamp:1 1 runed translucent door, bmack86's ghost, journeyman MiFi
Orc:1 4 transporters


Innate Abilities, Weirdness & Mutations

You have a beak for a mouth.
You have claws for feet.
Your magical nature lets you fly swiftly and evasively.


Message History

Mlioglotl hits you!!
Mlioglotl tramples you but does no damage.
Aiming: Airstrike (safe; 1% risk of failure)
Press: ? - help, Q - select action, (/) - cycle Dir - move target, f/p - Mlioglotl
Aim: Mlioglotl (moderately wounded, strong, inspiring fear, empty space bonus: 7/8)
You feel a surge of power!
The air twists around and strikes Mlioglotl.
Mlioglotl is moderately wounded.
Mlioglotl hits you!! Mlioglotl completely misses you.
Aiming: Airstrike (safe; 1% risk of failure)
Press: ? - help, Q - select action, (/) - cycle Dir - move target, f/p - Mlioglotl
Aim: Mlioglotl (moderately wounded, strong, inspiring fear, empty space bonus: 7/8)
You feel a surge of power!
The air twists around and strikes Mlioglotl!
Mlioglotl is moderately wounded.
Mlioglotl barely misses you. Mlioglotl misses you.
Casting: Airstrike (safe; 1% risk of failure)
Confirm with . or Enter, or press ? or * to list all spells.
Aiming: Freezing Cloud (mildly dangerous; 1% risk of failure)
Press: ? - help, Dir - move target, f/p - Mlioglotl
Aim: Mlioglotl (moderately wounded, strong, inspiring fear)
Okay, then.
Casting: Freezing Cloud (mildly dangerous; 1% risk of failure)
Confirm with . or Enter, or press ? or * to list all spells.
You feel a surge of power!
Electricity surges outward!
Mlioglotl resists.
Mlioglotl is moderately wounded.
Mlioglotl hits you. Mlioglotl closely misses you.
Mlioglotl hits you but does no damage. Mlioglotl tramples you.
You are shoved backwards!
Mlioglotl churns violently!
Mlioglotl corrupts the dungeon around him!
Mlioglotl attacks as you move away! Mlioglotl hits you!
* * * LOW HITPOINT WARNING * * *
Mlioglotl barely misses you.
Mlioglotl churns violently!
Mlioglotl corrupts the dungeon around him!
Mlioglotl attacks as you move away! Mlioglotl hits you!!
* * * LOW HITPOINT WARNING * * *
Mlioglotl tramples you!!
You die...

##.#*~.~.~~***#.......#,***......
,P.*P~.~..~.,*#......#.,,(,......
,P,*~~**,**.~*#.......#..**......
,,,*~P*b,,*..##......#...P,......
,,,,,,b,>,b,..........x.,,,......
,*,*P,*,,,*b~#...#.x..##**P......
,*,*,,**,**b~#.......P.####......
,,,*~≈,,,~b,b#X.5................
,*,**~~,b~*b##<.@X...............
,,,,****,***#>....#..............
,,,,,,,,,........................
,,,,,,,,,........................
,,,,,),,,.....#..................
,,,,,,,*,.P.##...................
,,,,,,,**##.*##..#..##...........
*,,,,,,***#,*#P.....###.###......
,*,,,,,,*,,,*#...........#.....).


You could see Mlioglotl (strong, scary), a large abomination (summoned), 2 small
abominations and a white imp (summoned, wandering).

Vanquished Creatures
  the Lernaean hydra (Swamp:4)
  Roxanne (D:15)
  A thorn hunter (Swamp:2)
  An orc warlord (Orc:2)
  3 very ugly things (D:15)
  2 eleionomae
  3 dire elephants
  A bunyip (Swamp:1)
  A great orb of eyes (D:15)
  A fire dragon (D:14)
  A rakshasa (D:15)
  16 hydras
  A catoblepas (Lair:5)
  An ogre mage (D:13)
  3 ghost crabs
  6 death knights (D:14)
  A boulder beetle (D:14)
  5 centaur warriors
  9 two-headed ogres
  9 alligators
  13 death yaks
  5 orc high priests (Orc:2)
  2 shock serpents (Snake:1)
  A deep elf knight (Swamp:1)
  3 skeletal warriors
  A death drake (Swamp:4)
  13 swamp dragons
  5 goliath frogs
  2 deep elf archers
  4 bog bodies
  4 spriggan druids
  A naga ritualist (Snake:1)
  6 orc knights
  A lindwurm (Lair:5)
  2 wizards
  2 deep elf zephyrmancers (D:13)
  An oklob plant (Lair:4)
  A mana viper (Snake:1)
  An orc sorcerer (Orc:1)
  4 will-o-the-wisps
  6 ugly things
  7 deep elf pyromancers
  2 manticores (Lair:5)
  5 cyclopes
  7 black mambas
  15 elephants
  13 cane toads
  A gargoyle (D:13)
  4 centaur skeletons (D:13)
  5 rime drakes
  2 unseen horrors
  3 kobold demonologists
  5 yaktaurs (D:13)
  8 komodo dragons
  2 tormentors (D:14)
  A freezing wraith (D:14)
  A bloated husk (Swamp:3)
  11 trolls
  10 tyrant leeches
  A raiju (Swamp:1)
  A blink frog (shapeshifter) (D:15)
  7 hornets
  2 polar bears
  13 blink frogs
  13 dream sheep (Lair:5)
  A slime creature (shapeshifter) (D:13)
  2 shadows
  9 slime creatures (D:15)
  8 spriggans
  5 wyverns
  5 wraiths
  30 yaks
  4 basilisks
  A water elemental (D:14)
  6 vampire mosquitoes
  5 wargs
  16 swamp worms
  3 nagas
  14 water moccasins
  38 orc warriors
  A hornet zombie (D:6)
  An ice beast (D:7)
  2 sky beasts
  A black bear (shapeshifter) (D:14)
  8 swamp drakes
  3 black bears
  7 ogres
  A spectral blink frog (Lair:2)
  8 centaurs
  9 wolves
  2 phantoms
  2 spectral wyverns (Lair:2)
  A kobold brigand (D:8)
  A spectral water moccasin (Lair:2)
  13 bullfrogs
  2 gnoll sergeants (D:11)
  2 necrophages (D:6)
  3 scorpions
  A wyvern zombie (D:6)
  15 wights
  5 killer bees (D:11)
  2 electric eels
  8 howler monkeys
  26 orc priests
  A jelly (D:7)
  2 gnoll boudas
  A hound (D:6)
  Jessica (D:3)
  7 iguanas
  13 orc wizards
  Natasha (thrice) (D:3)
  A killer bee zombie (D:6)
  Robin (D:2)
  7 adders
  17 gnolls
  A shadow imp (D:6)
  A white imp (D:7)
  3 ufetubi
  2 worms
  3 dart slugs
  102 orcs
  5 bats
  3 endoplasms
  2 giant cockroaches
  8 hobgoblins
  12 jackals
  5 quokkas
  7 ball pythons
  4 frilled lizards
  12 goblins
  11 kobolds
  3 rats (D:3)
  A fulminant prism (Lair:5)
794 creatures vanquished.

Vanquished Creatures (collateral kills)
  2 ball lightnings
2 creatures vanquished.

Vanquished Creatures (others)
  A rime drake (Lair:5)
  2 bloated husks
  A dream sheep (Lair:5)
  52 ball lightnings
  A bush (D:6)
  4 foxfires
  94 fulminant prisms
  31 fungi
  45 plants
231 creatures vanquished.

Grand Total: 1027 creatures vanquished

Notes
Turn   | Place    | Note
-------+----------+-------------------------------------------
     0 | D:1      | ragingrage the Tengu Conjurer began the quest for the Orb.
     0 | D:1      | Reached XP level 1. HP: 10/10 MP: 4/4
   355 | D:1      | Found a faded altar of an unknown god.
   483 | D:1      | Reached XP level 2. HP: 15/15 MP: 4/6
  1352 | D:2      | Reached XP level 3. HP: 19/19 MP: 2/7
  1856 | D:2      | Noticed Robin
  1891 | D:1      | Learned a level 2 spell: Searing Ray
  1956 | D:2      | Killed Robin
  1957 | D:2      | Reached XP level 4. HP: 23/24 MP: 2/8
  2780 | D:3      | Noticed Natasha
  2783 | D:3      | Killed Natasha
  2784 | D:3      | Gained mutation: Your magical nature lets you fly swiftly
                  | and evasively. [Tengu growth]
  2784 | D:3      | Reached XP level 5. HP: 28/28 MP: 5/9
  2821 | D:3      | Learned a level 4 spell: Fulminant Prism
  2844 | D:3      | Noticed Jessica
  2846 | D:3      | Killed Jessica
  3297 | D:3      | Noticed Natasha
  3303 | D:3      | Killed Natasha
  3582 | D:4      | Noticed Grinder
  3582 | D:4      | Noticed a phantom
  3619 | D:3      | Noticed Natasha
  3624 | D:3      | Killed Natasha
  3625 | D:3      | Reached XP level 6. HP: 32/32 MP: 3/10
  3737 | D:4      | Noticed a black bear
  3764 | D:4      | Killed a black bear
  3765 | D:4      | Reached skill level 10 in Conjurations
  4310 | D:5      | Entered Level 5 of the Dungeon
  4497 | D:5      | Found a staircase to the Ecumenical Temple.
  4508 | Temple   | Entered the Ecumenical Temple
  4571 | Temple   | Became a worshipper of Vehumet
  4736 | D:5      | Reached skill level 1 in Fighting
  4736 | D:5      | Reached XP level 7. HP: 38/38 MP: 2/11
  5041 | D:5      | Reached skill level 1 in Hexes
  5247 | D:4      | Identified the +7 long sword of the Telling Dragonfly
                  | {flame, Str+3}
  5965 | D:5      | Reached XP level 8. HP: 45/45 MP: 3/13
  6587 | D:6      | Found a blossoming altar of Fedhas.
  7647 | D:7      | Found a shimmering altar of Xom.
  7670 | D:7      | Reached * piety under Vehumet
  7670 | D:7      | Offered knowledge of Freeze by Vehumet.
  7747 | D:7      | Learned a level 4 spell: Iskenderun's Mystic Blast
  7830 | D:7      | Reached skill level 1 in Staves
  8026 | D:7      | Reached XP level 9. HP: 48/52 MP: 9/16
  8235 | D:7      | Reached skill level 5 in Dodging
  8363 | D:7      | Reached skill level 5 in Stealth
  8506 | D:7      | Found an ornate altar of the Wu Jian Council.
  8631 | D:7      | Learned a level 5 spell: Arcjolt
  9022 | D:8      | Reached skill level 1 in Air Magic
  9550 | D:8      | Reached ** piety under Vehumet
  9550 | D:8      | Offered knowledge of Shock by Vehumet.
  9658 | D:8      | Reached skill level 5 in Spellcasting
  9708 | D:8      | Found Pirchud's Neck Hole.
  9942 | D:9      | Noticed a hornet
 10236 | D:9      | Reached skill level 5 in Fighting
 10236 | D:9      | Reached XP level 10. HP: 58/59 MP: 13/18
 10622 | D:9      | Offered knowledge of Scorch by Vehumet.
 11069 | D:9      | Reached *** piety under Vehumet
 11345 | D:9      | Found a staircase to the Lair.
 11568 | D:9      | Reached skill level 5 in Air Magic
 11699 | D:10     | Entered Level 10 of the Dungeon
 11808 | D:10     | Noticed a kobold demonologist
 11811 | D:10     | Noticed a kobold demonologist
 11811 | D:10     | Noticed a kobold demonologist
 11835 | D:9      | Killed a kobold demonologist
 11836 | D:9      | Reached skill level 5 in Staves
 11969 | D:10     | Killed a kobold demonologist
 11976 | D:9      | Killed a kobold demonologist
 12135 | D:10     | Found a shimmering blue altar of Sif Muna.
 12170 | D:10     | Found a sacrificial altar of Ru.
 12406 | D:10     | Offered knowledge of Stone Arrow by Vehumet.
 12414 | D:10     | Learned a level 3 spell: Stone Arrow
 12542 | D:10     | Found a sparkling altar of Nemelex Xobeh.
 12706 | D:10     | Identified the amulet of Eddeziv {Faith Dex+2}
 12953 | D:11     | Reached XP level 11. HP: 35/66 MP: 14/20
 13357 | D:11     | Noticed a purple ugly thing
 13396 | D:11     | Killed a purple ugly thing
 13407 | D:11     | Reached **** piety under Vehumet
 13714 | D:11     | Offered knowledge of Frozen Ramparts by Vehumet.
 13892 | D:11     | Found a portal to a secret trove of treasure.
 14585 | D:12     | Noticed a deep elf pyromancer
 14727 | D:12     | Found a staircase to the Orcish Mines.
 14789 | D:12     | Killed a deep elf pyromancer
 15304 | D:12     | Noticed a green ugly thing
 15334 | D:12     | Killed a green ugly thing
 15493 | D:12     | Noticed a deep elf pyromancer
 15499 | D:12     | Killed a deep elf pyromancer
 15499 | D:12     | Reached ***** piety under Vehumet
 15690 | D:13     | Noticed an ogre mage
 15829 | Lair:1   | Entered Level 1 of the Lair of Beasts
 15837 | Lair:1   | Offered knowledge of Airstrike by Vehumet.
 15843 | Lair:1   | Learned a level 4 spell: Airstrike
 15843 | Lair:1   | Identified 2 scrolls of acquirement
 16131 | Lair:1   | Acquired the +1 hat "Zitryrom" {rC+ Str+3 Dex-2}
 16138 | Lair:1   | Acquired the +1 hat "Kerum" {MP+9 Dex+4}
 16439 | Lair:1   | Reached XP level 12. HP: 73/73 MP: 24/24
 17071 | Lair:2   | Found a shimmering altar of Xom.
 17592 | Lair:2   | Reached skill level 10 in Dodging
 17592 | Lair:2   | Reached skill level 10 in Air Magic
 18071 | Lair:2   | Found a staircase to the Snake Pit.
 18479 | Lair:3   | Reached skill level 10 in Fighting
 18783 | Lair:3   | Reached XP level 13. HP: 78/82 MP: 26/27
 18785 | Lair:3   | Reached skill level 10 in Spellcasting
 19051 | Lair:3   | Reached skill level 1 in Armour
 19577 | Lair:4   | Reached skill level 1 in Evocations
 19948 | Lair:4   | Offered knowledge of Olgreb's Toxic Radiance by Vehumet.
 20146 | Lair:4   | Found a staircase to the Slime Pits.
 20147 | Lair:4   | Found a viscous altar of Jiyva.
 20486 | Lair:5   | Entered Level 5 of the Lair of Beasts
 20508 | Lair:5   | Found a transporter.
 20508 | Lair:5   | Found a transporter.
 20518 | Lair:5   | Noticed NinjaNoafa's ghost (journeyman DjCj)
 20549 | Lair:5   | Found a bloodstained altar of Trog.
 21362 | Lair:5   | Reached skill level 5 in Armour
 21372 | Lair:5   | Reached skill level 5 in Evocations
 21559 | Lair:5   | Reached XP level 14. HP: 80/90 MP: 29/29
 21770 | Lair:5   | Learned a level 5 spell: Lightning Bolt
 21878 | Lair:5   | Noticed a dire elephant
 21891 | Lair:5   | Killed a dire elephant
 22998 | Orc:1    | Entered Level 1 of the Orcish Mines
 23044 | Orc:1    | Noticed an orc warlord
 23049 | Orc:2    | Entered Level 2 of the Orcish Mines
 23143 | Orc:1    | Offered knowledge of Yara's Violent Unravelling by Vehumet.
 23245 | Orc:2    | Killed an orc warlord
 25023 | Orc:1    | Found a transporter.
 25024 | Orc:1    | Noticed an orc warlord
 25043 | Orc:1    | Found a transporter.
 25124 | Orc:1    | Found an ornate altar of the Wu Jian Council.
 25125 | Orc:1    | Found a transporter.
 25139 | Orc:1    | Found a transporter.
 25772 | Orc:2    | Offered knowledge of Conjure Ball Lightning by Vehumet.
 25773 | Orc:2    | Reached XP level 15. HP: 94/94 MP: 27/31
 25789 | Orc:2    | Learned a level 6 spell: Conjure Ball Lightning
 25870 | Orc:2    | Found a staircase to the Elven Halls.
 26178 | Orc:2    | Found Wadghocw's Antique Armour Boutique.
 26178 | Orc:2    | Found Inegam's Jewellery Boutique.
 26179 | Orc:2    | Found Qipas's Magic Scroll Shop.
 26179 | Orc:2    | Found Egrepsiu's Book Boutique.
 26186 | Orc:2    | Bought a slimy robe for 171 gold pieces
 26186 | Orc:2    | Identified the +0 robe "Vaymez" {Dex+4} (You bought it in a
                  | shop on level 2 of the Orcish Mines)
 26188 | Orc:2    | Bought a scroll of blinking for 97 gold pieces
 26188 | Orc:2    | Bought a scroll of blinking for 97 gold pieces
 26193 | Orc:2    | Bought a +4 ring of protection for 540 gold pieces
 26288 | D:13     | Found Vuok's Armour Boutique.
 26369 | D:13     | Found Xuohasy's Jewellery Shop.
 26592 | D:13     | Found Gyal Ulab's Magic Scroll Emporium.
 26604 | D:13     | Bought a scroll of amnesia for 56 gold pieces
 26605 | D:13     | Bought a scroll of teleportation for 42 gold pieces
 27207 | D:13     | Found a gate to the Vaults.
 27563 | D:14     | Reached skill level 15 in Air Magic
 27565 | D:14     | Reached skill level 15 in Conjurations
 27869 | D:14     | You are sucked into a shaft and drop 1 floor!
 27869 | D:15     | Entered Level 15 of the Dungeon
 27869 | D:15     | Found a glowing silver altar of Zin.
 28039 | D:14     | Identified the +5 morningstar "Irihy" {venom, rF+ Str-5
                  | Dex+6}
 28766 | D:14     | Found a bloodstained altar of Trog.
 29098 | D:15     | Noticed Roxanne
 29179 | D:15     | Killed Roxanne
 29199 | D:15     | Reached XP level 16. HP: 100/100 MP: 34/34
 29517 | D:15     | Found a staircase to the Depths.
 29712 | D:15     | Reached ****** piety under Vehumet
 30273 | Lair:2   | Found a staircase to the Swamp.
 30299 | Swamp:1  | Entered Level 1 of the Swamp
 30551 | Swamp:1  | Found a runed translucent door.
 30557 | Swamp:1  | Noticed bmack86's ghost (journeyman MiFi)
 31674 | Swamp:2  | Found an ancient bone altar of Kikubaaqudgha.
 31724 | Swamp:2  | Noticed a thorn hunter
 31739 | Swamp:2  | Killed a thorn hunter
 31739 | Swamp:2  | Offered knowledge of Iron Shot by Vehumet.
 33036 | Swamp:3  | Identified the +8 war axe "Cyjessuo" {heavy, *Corrode Fly
                  | Int+3}
 33043 | Swamp:3  | Learned a level 5 spell: Freezing Cloud
 33190 | Swamp:4  | Entered Level 4 of the Swamp
 33678 | Swamp:4  | Reached XP level 17. HP: 106/106 MP: 36/36
 34147 | Swamp:4  | Noticed the 27-headed Lernaean hydra
 34154 | Swamp:4  | Killed the 27-headed Lernaean hydra
 34610 | Swamp:4  | Got a decaying rune of Zot
 34813 | Snake:1  | Entered Level 1 of the Snake Pit
 34929 | Snake:1  | Noticed Mlioglotl
 35298 | Lair:2   | Noticed a tentacled starspawn
 35689 | Lair:2   | Found a shimmering altar of Xom.
 35721 | Lair:2   | Demolished by Mlioglotl

Illustrated notes

Levels and vault maps discovered:
D:1:      dpeg_arrival_snail, layout_loops_corners,
          ebering_ecumenical_altar_sacrificial, chequers_serial_rivers_small_3,
          hangedman_feature_mirror, serial_bayou_lagoon_b
D:2:      layout_basic, uniq_robin
D:3:      layout_rooms, uniq_natasha, uniq_jessica, uniq_crazy_yiuf_cottage
D:4:      layout_loops_cross, uniq_grinder
D:5:      layout_basic, temple_fountains
D:6:      layout_gridville, fedhas_altar_decomposition
D:7:      layout_basic, mainiacjoe_overflow_surrounded_room,
          nzn_wu_jian_contemplation, grunt_ministairs_3
D:8:      black_bear_nest_1, layout_rooms, minmay_misc_feat_enclosed,
          minmay_misc_feat_x, nicolae_shop_sticking_my_neck_out
D:9:      layout_roguey [special_room_orc], lair_entry_dummy,
          chequers_serial_rivers_micro_c
D:10:     layout_gridville, nemelex_diamond_rough_becter,
          mainiacjoe_overflow_catch_the_wave, serial_rivers,
          chequers_serial_rivers_micro_d, chequers_serial_rivers_micro_b,
          chequers_serial_rivers_marsh, chequers_serial_rivers_room_b,
          chequers_serial_rivers_micro_e
D:11:     layout_basic, enter_trove_3
D:12:     layout_layer_cave, david_orc_2
D:13:     layout_cave_pools, hangedman_vaults_entry_quadrant_bands,
          serial_column_ruins, column_ruins_hut_pillars,
          column_ruins_square_medium, column_ruins_open_small,
          column_ruins_open_small, column_ruins_open_small_water,
          column_ruins_grid_2, column_ruins_open_small,
          column_ruins_open_medium, serial_shops, shop_statue,
          nicolae_inconvenience_store, shop
D:14:     cheibrodos_tormentor_scu, layout_basic, minivault_4,
          trog_butcher_becter
D:15:     gammafunk_enter_depths_forms, layout_loops_ring, minivault_27,
          zin_academy, uniq_roxanne
Temple:   nicolae_temple_x_marks_the_god
Lair:1:   layout_regular_city, st_stairs_4, columned_hall_lemuel,
          grunt_megastairs_1
Lair:2:   layout_regular_city, nicolae_swamp_entry_spooky,
          guppyfry_snake_entry_garden, basic_altar
Lair:3:   layout_hall_layers, beast_lair_carwin_10, grunt_megastairs_3
Lair:4:   layout_cave_pods, minmay_slime_entry_oklob_open, grunt_megastairs_4,
          infiniplex_staircase_pool, serial_bayou_shore_b, serial_bayou_shore_a
Lair:5:   hangedman_lair_in_review, layout_cave_pods,
          gammafunk_ghost_wrathful_warriors
Swamp:1:  layout_basic_swamp, hellmonk_ghost_happy_afterlife,
          evilmike_swamp_ruin_house_1, beargit_elvish_explorers
Swamp:2:  layout_basic_swamp, nicolae_swamp_godswood
Swamp:3:  layout_basic_swamp, serial_swamp_ruin, evilmike_swamp_ruin_house_4,
          evilmike_swamp_ruin_house_5, hangedman_swamp_cone
Swamp:4:  swamp_old_school, layout_basic_swamp
Snake:1:  layout_layer_cave, serial_shops, shop_statue, nicolae_shop_crystal,
          nicolae_square_shop, shop, minmay_shop_star, lemuel_fruit_tree,
          uniq_mlioglotl
Orc:1:    dreamdust_wu_jian_sword_trials, layout_caves, basic_altar,
          hellmonk_guarded_unrand_dark_maul
Orc:2:    st_orc_pillars, layout_diamond_mine, nicolae_orc_stony_grotto

Skill      XL: |  1  2  3  4  5  6  7  8  9 10 11 12 13 14 15 16 17 |
---------------+----------------------------------------------------+-----
Conjurations   | 6 7 8 9 10 11 14 15 17 | 17.6
Fighting       | 1 2 3 5 6 8 10 11 12 | 12.2
Hexes          | 1 2 3 4 |  4.0
Dodging        | 3 4 6 7 9 10 | 10.0
Stealth        | 3 4 5 |  5.0
Spellcasting   | 3 4 5 7 9 10 11 13 14 | 14.7
Staves         | 1 3 5 6 |  6.0
Air Magic      | 3 6 8 10 11 14 15 17 | 17.6
Armour         | 5 6 7 |  7.8
Evocations     | 5 |  5.0

Action                     |  1- 3 |  4- 6 |  7- 9 | 10-12 | 13-15 | 16-18 || total
---------------------------+-------+-------+-------+-------+-------+-------++-------
  Melee: Dagger            |       |    17 |       |       |       |       ||    17
         Peck              |       |     5 |     4 |    23 |     5 |     1 ||    38
         Kick              |       |     1 |     5 |    35 |     8 |     2 ||    51
         Quarterstaff      |       |       |    23 |   117 |     6 |       ||   146
         Staff             |       |       |       |       |    10 |     2 ||    12
   Cast: Magic Dart        |    56 |    96 |   168 |   185 |       |       ||   505
         Searing Ray       |     1 |    14 |    27 |    42 |       |       ||    84
         Fulminant Prism   |       |       |     4 |    80 |    11 |       ||    95
         Arcjolt           |       |       |       |    28 |    74 |    44 ||   146
         Airstrike         |       |       |       |     5 |   516 |   270 ||   791
         Lightning Bolt    |       |       |       |       |    91 |    56 ||   147
         Conjure Ball Ligh |       |       |       |       |    10 |    15 ||    25
         Freezing Cloud    |       |       |       |       |       |     6 ||     6
  Evoke: Wand              |       |       |       |     1 |     1 |       ||     2
    Use: Scroll            |       |       |       |    26 |     6 |     3 ||    35
         Potion            |       |       |       |     1 |       |       ||     1
   Stab: Distracted        |       |       |       |     1 |       |       ||     1
 Armour: Robe              |     1 |     6 |     5 |     2 |       |       ||    14
         Troll leather arm |       |       |       |    27 |    26 |    20 ||    73
         Swamp dragon scal |       |       |       |       |       |    11 ||    11
  Dodge: Dodged            |    10 |    25 |    61 |   192 |   170 |   126 ||   584

Table legend: (Time is in decaauts)
 A = Elapsed time spent in this place.
 B = Non-inter-level travel time spent in this place.
 C = Inter-level travel time spent in this place.
 D = Time resting spent in this place.
 E = Time spent auto-exploring this place.
 F = Levels seen in this place.
 G = Mean time per level.
                   A        B        C        D        E       F      G
               +--------+--------+--------+--------+--------+-----+--------+
         Total |  33947 |  31694 |   2253 |   7697 |  18890 |  28 | 1212.4 |
       Dungeon |  19292 |  17735 |   1557 |   4274 |  10866 |  15 | 1286.1 |
        Temple |     63 |     47 |     16 |      0 |     41 |   1 |   63.0 |
          Lair |   7759 |   7347 |    412 |   1737 |   4365 |   5 | 1551.8 |
         Swamp |   4082 |   3972 |    110 |   1172 |   2088 |   4 | 1020.5 |
     Snake Pit |    127 |    127 |      0 |     66 |     23 |   1 |  127.0 |
  Orcish Mines |   2622 |   2467 |    155 |    446 |   1507 |   2 | 1311.0 |
               +--------+--------+--------+--------+--------+-----+--------+

Top non-repeatable levels by time:
  Lair:2: 2111 daAuts
     D:9: 1980 daAuts
  Lair:5: 1973 daAuts
   Orc:2: 1609 daAuts
  Lair:1: 1530 daAuts
 Swamp:4: 1465 daAuts
     D:5: 1446 daAuts
    D:12: 1398 daAuts
     D:7: 1352 daAuts
    D:11: 1343 daAuts
    D:14: 1334 daAuts
     D:1: 1299 daAuts
     D:6: 1283 daAuts
     D:2: 1260 daAuts
     D:3: 1249 daAuts
